 Dungeon Crawl Stone Soup version 0.19-a0-860-g5c370dd (webtiles) character file.

105 GlaceonGamingDJ the Ducker (level 4, 0/34 HPs)
             Began as a Demonspawn Gladiator on July 2, 2016.
             Slain by a jackal (1 damage)
             ... on level 2 of the Dungeon.
             The game lasted 00:05:03 (749 turns).

GlaceonGamingDJ the Ducker (Demonspawn Gladiator)    Turns: 749, Time: 00:05:03

Health: 0/34       AC:  4    Str: 15    XL:     4   Next: 53%
Magic:  4/4        EV: 13    Int: 11    God:
Gold:   51         SH:  0    Dex: 13    Spells: 0 memorised, 3 levels left

rFire  + . .     SeeInvis .     a - +0 long sword
rCold  . . .     Gourm    .     b - +0 leather armour
rNeg   . . .     Faith    .     (no shield)
rPois  .         Spirit   .     c - +0 helmet
rElec  .         Dismiss  .     (no cloak)
rCorr  .         Reflect  .     (no gloves)
SustAt .         Harm     .     (no boots)
MR     .....                    g - amulet of magic regeneration
Stlth  +.........               (no ring)
                                (no ring)

@: exhausted, not resistant to hostile enchantments, very unstealthy
A: fire resistance 1
a: no special abilities


You were on level 2 of the Dungeon.
You were hungry.

You visited 1 branch of the dungeon, and saw 2 of its levels.

You collected 51 gold pieces.

Inventory:

Hand Weapons
 a - a +0 long sword (weapon)
Missiles
 d - 3 throwing nets (quivered)
Armour
 b - a +0 leather armour (worn)
 c - a +0 helmet (worn)
Jewellery
 g - an amulet of magic regeneration (around neck)
Scrolls
 h - 2 scrolls of teleportation {unknown}
 k - a scroll of fear {unknown}
 l - 2 scrolls of identify {unknown}
Potions
 e - a potion of lignification
 j - a potion of haste
Comestibles
 f - 3 bread rations
 i - a royal jelly


   Skills:
 + Level 2.7 Fighting
 + Level 3.5 Long Blades
 + Level 1.9 Throwing
 + Level 1.0 Armour
 + Level 3.5 Dodging


You had 3 spell levels left.
You didn't know any spells.

Dungeon Overview and Level Annotations

Branches:
Dungeon (2/15)

Altars:


Innate Abilities, Weirdness & Mutations

Your flesh is heat resistant. (rF+)


Message History

The bat barely misses you.
You riposte.
You closely miss the bat.
The bat is heavily wounded.
The bat misses you.
You riposte.
You barely miss the bat.
The bat is heavily wounded.
The bat misses you. The bat closely misses you. The bat closely misses you.
You riposte.
You slash the bat!
You kill the bat!
You feel yourself speed up. The giant cockroach barely misses you.
You riposte.
You slash the giant cockroach!
You kill the giant cockroach!
The jackal bites you.
* * * LOW HITPOINT WARNING * * *
The jackal closely misses you. The jackal barely misses you.
The jackal closely misses you.
You riposte.
You barely miss the jackal.
The jackal bites you but does no damage.
The jackal barely misses you.
You riposte.
You slash the jackal!
You kill the jackal!
The jackal bites you.
You die...

#.. #.## ..
.#####..###.#
.#
..$.#..##.†.#.#
##...##..##..#
#...#.......##
##.#....†.####
.......h####
#>...<.hh..#
...###.@...# #.
#.....# #
#.....# #.....#
#.....# .. #
##. #.....##...
###.##...
#######.#......
......>.
..........#....
###..(.##
#######.###....


You could see 3 jackals.

Vanquished Creatures
  Natasha (twice) (D:2)
  2 adders (D:2)
  An ooze (D:1)
  3 giant geckos (D:1)
  8 bats
  A giant cockroach (D:2)
  2 goblins
  2 hobgoblins (D:1)
  5 jackals (D:2)
  2 giant newts (D:1)
  4 rats
32 creatures vanquished.

Notes
Turn   | Place    | Note
-------+----------+-------------------------------------------
     0 | D:1      | GlaceonGamingDJ the Demonspawn Gladiator began the quest for the Orb.
     0 | D:1      | Reached XP level 1. HP: 16/16 MP: 1/1
   166 | D:1      | Gained mutation: Your flesh is heat resistant. (rF+) [demonic ancestry]
   166 | D:1      | Reached XP level 2. HP: 9/22 MP: 2/2
   565 | D:2      | Noticed Natasha
   575 | D:2      | Killed Natasha
   575 | D:2      | Reached XP level 3. HP: 17/28 MP: 3/3
   581 | D:2      | Noticed Natasha
   593 | D:2      | Killed Natasha
   593 | D:2      | Reached skill level 1 in Armour
   593 | D:2      | Reached XP level 4. HP: 16/34 MP: 4/4
   715 | D:2      | HP: 1/34 [poisoned by an adder]
   735 | D:2      | HP: 1/34 [giant cockroach (2)]
   744 | D:2      | HP: 1/34 [jackal (1)]
   749 | D:2      | Slain by a jackal

Vault maps used:
D:1:      dpeg_arrival_fog
D:2:      kennysheep_donut, kennysheep_big_empty_room, minmay_tromino_v4_c,
          uniq_natasha

Skill      XL: |  1  2  3 |
---------------+----------+-----
Dodging        | 3 |  3.5
Long Blades    | 3 |  3.5
Armour         | 1 |  1.0
Fighting       | |  2.7
Throwing       | |  1.9

Action                   |  1- 3 |  4- 6 || total
-------------------------+-------+-------++-------
Melee: Long sword        |    94 |    48 ||   142
  Use: Potion            |     4 |     1 ||     5
Armor: Leather armour    |    29 |    16 ||    45
Dodge: Dodged            |    63 |    45 ||   108
